 Dungeon Crawl Stone Soup version 0.17-a0-2098-gf59d6bc (webtiles) character file.

107 evilmojo the Shield-Bearer (level 4, -3/41 HPs)
             Began as a Minotaur Fighter on Oct 17, 2015.
             Was an Initiate of Elyvilon.
             Slain by a gnoll
             ... wielding a +0 spear
              (6 damage)
             ... on level 2 of the Dungeon on Oct 22, 2015.
             The game lasted 00:08:59 (1656 turns).

evilmojo the Shield-Bearer (Minotaur Fighter)       Turns: 1656, Time: 00:09:05

Health: -3/41      AC:  5    Str: 22    XL:     4   Next: 56%
Magic:  3/3        EV:  9    Int:  5    God:    Elyvilon [......]
Gold:   97         SH:  9    Dex:  9    Spells: 0 memorised, 3 levels left

rFire  . . .     SeeInvis .     a - +0 war axe
rCold  . . .     Clarity  .     l - +0 ring mail
rNeg   . . .     SustAt   .     c - +0 shield
rPois  .         Gourm    .     (helmet restricted)
rElec  .         Spirit   .     (no cloak)
rCorr  .         Warding  .     (no gloves)
rMut   .         Stasis   .     (no boots)
MR     .....                    (no amulet)
Stlth  ..........               (no ring)
                                (no ring)

@: not resistant to hostile enchantments, extremely unstealthy
A: retaliatory headbutt, horns 2
a: Renounce Religion


You were on level 2 of the Dungeon.
You worshipped Elyvilon.
Elyvilon was noncommittal.
You were not hungry.

You visited 1 branch of the dungeon, and saw 2 of its levels.

You collected 97 gold pieces.

Inventory:

Hand Weapons
 a - a +0 war axe (weapon)
Missiles
 e - 20 poisoned needles
 i - 3 stones (quivered)
Armour
 b - a +0 scale mail
 c - a +0 shield (worn)
 k - a +0 chain mail
 l - a +0 ring mail (worn)
Scrolls
 f - a scroll of identify
 h - 2 scrolls of magic mapping {unknown}
 j - 2 scrolls of immolation {unknown}
Potions
 d - 2 potions of might
 g - a potion of curing {unknown}
 m - 2 potions of cancellation {unknown}


   Skills:
 + Level 4.4 Fighting
 + Level 3.2 Axes
 + Level 4.3 Armour
 + Level 1.2 Dodging
 + Level 4.6 Shields


You had 3 spell levels left.
You didn't know any spells.

Dungeon Overview and Level Annotations

Branches:
Dungeon (2/15)

Altars:
Elyvilon
Gozag
Sif Muna


Innate Abilities, Weirdness & Mutations

You reflexively headbutt those who attack you in melee.
You have a pair of horns on your head.


Message History

You block the gnoll's attack.
The gnoll hits you from afar with a spear.
The gnoll misses you.
You closely miss the gnoll.
The gnoll is almost dead.
You block the gnoll's attack.
The gnoll hits you from afar with a spear.
The gnoll barely misses you. x2
You closely miss the gnoll. Your headbutt misses the gnoll.
The gnoll is almost dead.
The gnoll closely misses you. You block the gnoll's attack. The gnoll hits you.
The gnoll misses you.
The gnoll hits you from afar with a spear.
You hit the gnoll but do no damage.
The gnoll is almost dead.
The gnoll hits you! The gnoll hits you but does no damage.
Space warps horribly around you!
* * * LOW HITPOINT WARNING * * *
The gnoll hits you from afar with a spear.
You die...

#.#.#
#.#.#
#.#.#
##.#.#
#....#
#..###
#..#
#..#
#.@#
#.g#
#gg#
#..#
#..#
#..#
#..#
#...


You could see 3 gnolls.

Vanquished Creatures
  Ijyb (D:2)
  Natasha (twice) (D:2)
  A giant gecko (D:1)
  A ball python (D:1)
  5 bats
  2 giant cockroaches (D:1)
  8 goblins
  6 hobgoblins
  2 jackals (D:1)
  4 kobolds (D:1)
  A quokka (D:2)
  5 giant newts
  6 rats (D:1)
44 creatures vanquished.

Notes
Turn   | Place    | Note
--------------------------------------------------------------
     0 | D:1      | evilmojo the Minotaur Fighter began the quest for the Orb.
     0 | D:1      | Reached XP level 1. HP: 19/19 MP: 0/0
   270 | D:1      | Reached XP level 2. HP: 25/27 MP: 1/1
   361 | D:1      | Reached skill level 4 in Fighting
   860 | D:1      | Reached XP level 3. HP: 33/33 MP: 2/2
  1269 | D:2      | Found an opulent altar of Gozag.
  1269 | D:2      | Found a white marble altar of Elyvilon.
  1359 | D:2      | Noticed Ijyb
  1362 | D:2      | Noticed Natasha
  1381 | D:2      | Killed Ijyb
  1381 | D:2      | Reached XP level 4. HP: 32/40 MP: 3/3
  1388 | D:2      | Killed Natasha
  1429 | D:2      | Became a worshipper of Elyvilon the Healer
  1449 | D:2      | Noticed Natasha
  1454 | D:2      | Killed Natasha
  1454 | D:2      | Reached skill level 1 in Dodging
  1495 | D:2      | Found a deep blue altar of Sif Muna.
  1656 | D:2      | Slain by a gnoll

Vault maps used:
D:1:      arrival_zaba_pyramid, grunt_decor_arrowhead,
          roderic_nine_men_s_morris, roderic_roman_lattice,
          minmay_misc_feat_cross, corexii_hall_statues_l
D:2:      gammafunk_temple_overflow_elements, lemuel_doored_altar, uniq_natasha,
          uniq_iyjb

Action                   |  1- 3 |  4- 6 || total
-------------------------+-------+-------++-------
Melee: War axe           |    83 |    32 ||   115
  Use: Scroll            |     1 |     1 ||     2
  Eat: Bread ration      |       |     1 ||     1
